 Dungeon Crawl Stone Soup version 0.31-a0-83-gbff143cfd1 (webtiles) character file.

Game seed: 16910535103413645218

2 Esekla the Sneak (level 1, 16/16 HPs)
             Began as an Octopode Delver on May 24, 2023.
             Quit the game on level 5 of the Dungeon.
             The game lasted 00:00:29 (37 turns).

Esekla the Sneak (Octopode Delver)                    Turns: 37, Time: 00:00:29

Health: 16/16      AC:  1    Str: 11    XL:     1   Next: 30%
Magic:  1/1        EV: 13    Int: 12    God:
Gold:   23         SH:  0    Dex: 13    Spells: 0/0 levels left

rFire   . . .        a - +0 falchion
rCold   . . .        (no shield)
rNeg    . . .        (helmet restricted)
rPois   .            (no amulet)
rElec   .            (no ring)
rCorr   .            (no ring)
SInv    .            (no ring)
Will    .....        (no ring)
Stlth   ++++         (no ring)
HPRegen 0.22/turn    (no ring)
MPRegen 0.07/turn    (no ring)
                     (no ring)

%: no passive effects
@: no status effects
A: almost no armour, amphibious, 8 rings, camouflage 1, gelatinous body 1,
(nimble swimmer 1), tentacles
a: no special abilities


You were on level 5 of the Dungeon.
You visited 1 branch of the dungeon, and saw 1 of its levels.

You collected 23 gold pieces.

Inventory:

Hand Weapons
 a - a +0 falchion (weapon)
 c - a +0 dagger of protection
Wands
 f - a wand of digging (3)
Scrolls
 b - a scroll of fog
 d - a scroll of fear
 g - a scroll of enchant armour {unknown}
Potions
 e - a potion of haste
 h - a potion of enlightenment {unknown}
 i - a potion of resistance {unknown}


   Skills:
 * Level 3.0 Fighting
 * Level 2.0 Long Blades
 * Level 2.0 Dodging
 + Level 6.6 Stealth


You couldn't memorise any spells.
You didn't know any spells.
Your spell library was empty.

Dungeon Overview and Level Annotations

Branches:
Dungeon (5/15)
 Temple: D:4-7

Altars:


Innate Abilities, Weirdness & Mutations

You cannot wear most types of armour.
You are amphibious.
You can wear up to eight rings at the same time.
Your skin changes colour to match your surroundings (Stealth+).
Your rubbery body absorbs attacks. (AC +1, EV +1)
((You are camouflaged when in or above water. (Stealth+)))
You have tentacles for arms and can constrict up to eight enemies at once.


Message History

Welcome, Esekla the Octopode Delver.
It's a long way down to the Orb of Zot, but that shouldn't be any trouble.
Press ? for a list of commands and other information.
Found a scroll labelled CAGUCE AL RUGE and a pink potion.
Found two stone staircases leading down.
Found a cyan potion.
Found 8 gold pieces.
g - a scroll labelled CAGUCE AL RUGE
h - a pink potion You now have 8 gold pieces.
Found 15 gold pieces.
i - a cyan potion
Found a stone staircase leading up.
You now have 23 gold pieces (gained 15).
Found a stone staircase leading up.
An orc comes into view.
It is wielding a +0 dagger of protection.
Found 13 gold pieces and a glowing spear.
An orc priest and an orc come into view.
As you read the scroll of magic mapping, it crumbles to dust.
You feel aware of your surroundings.
You hit the orc. You grab the orc.
The orc is severely wounded.
You constrict the orc, but do no damage.
The orc barely misses you.
You hit the orc.
You kill the orc!
Things that are here:
a +0 dagger of protection; an orc corpse
c - a +0 dagger of protection Are you sure you want to abandon this character and quit the game? (Confirm with "yes".)

..................#*,,,,,,,**,,*
##................#,,,,,,,,*,,,*
..................#**,,,,,,,*,**
..................# **,,,,,,,,,*
...............#..## ***,,,,,,,*
#..>.........###...## *,,,.,,,,*
.................##.####,..,,,,*
#................##....#...,,***
........#.......@...<.....#******
##.######.......#..........**,,,,
...****#.......##..........,,,,,,
...,,*#..###..####.$)......,,,,,,
#.,,,....,*#.## *#.........,,,,,,
,,**.....,*#.#***..........,,,,,,
*,**....#,,...,,...........**,,,,
****#.#***#<..*.o......##..*,*,,,
**********#..####.....##**.,,*,,,


There were no monsters in sight!

Vanquished Creatures
  An orc (D:5)
1 creature vanquished.

Notes
Turn   | Place    | Note
-------+----------+-------------------------------------------
     0 | D:5      | Esekla the Octopode Delver began the quest for the Orb.
     0 | D:5      | Reached XP level 1. HP: 16/16 MP: 1/1
    26 | D:5      | Noticed an orc priest
    37 | D:5      | Quit the game

Illustrated notes

Levels and vault maps discovered:
D:5:      layout_cave_pools, nicolae_goblin_pals

Action                     || total
---------------------------++-------
  Melee: Falchion          ||     2
         Constrict         ||     1
    Use: Scroll            ||     1
  Dodge: Dodged            ||     1

Table legend: (Time is in decaauts)
 A = Elapsed time spent in this place.
 B = Non-inter-level travel time spent in this place.
 C = Inter-level travel time spent in this place.
 D = Time resting spent in this place.
 E = Time spent auto-exploring this place.
 F = Levels seen in this place.
 G = Mean time per level.
                   A        B        C        D        E       F      G
               +--------+--------+--------+--------+--------+-----+--------+
         Total |     37 |     37 |      0 |      0 |      0 |   1 |   37.0 |
       Dungeon |     37 |     37 |      0 |      0 |      0 |   1 |   37.0 |
               +--------+--------+--------+--------+--------+-----+--------+

Top non-repeatable levels by time:
     D:5: 37 daAuts
